[Event "26th OIBM 2023"]
[Site "Gmund am Tegernsee"]
[Date "2023.11.04"]
[Round "8.5"]
[White "Mastrovasilis, Dimitrios"]
[Black "Morawietz, Dieter"]
[Result "1/2-1/2"]
[ECO "C15"]
[WhiteElo "2573"]
[BlackElo "2378"]
[Annotator "TA"]
[PlyCount "142"]
[EventDate "2023.10.04"]
[EventType "swiss"]
[EventCountry "GER"]
[SourceTitle "playchess.com"]
[Source "ChessBase"]
[SourceQuality "1"]
[TimeControl "40/5400+30:1800+30"]

1. e4 e6 2. d4 d5 3. Nc3 Bb4 4. Nge2 dxe4 5. a3 Be7 6. Nxe4 Nf6 7. Nxf6+ $1 {[%emt 0:02:53][%mdl 4] is now more promising than 7.N2g3.} Bxf6 8. Be3 {[%emt 0:00:06] C15: French: 3 Nc3 Bb4: Unusual White 4th moves.} b6 9. Qd2 Bb7 10. O-O-O (10. Qb4 Nc6 11. Qc4 Qd7 $17) 10... O-O 11. Nf4 Nd7 12. Kb1 {[%emt 0:04:07] [#]} g6 $146 ({Predecessor:} 12... Be7 13. f3 Nf6 14. h4 a5 15. h5 a4 16. c4 Ra5 17. Qc2 h6 18. Be2 Qa8 {1-0 Shyam,N (2434)-Krishna,C (2481) Commonwealth-ch 2019 (9)}) 13. Bc4 Re8 (13... g5 $2 14. Nh5 $18) 14. Bb3 Qe7 {[%emt 0:11:11] [#]} (14... g5 15. Nh5 $16) 15. h4 Bxh4 (15... Rad8 $1 $11) 16. d5 $1 $14 e5 (16... Nf8 $1 $14) 17. d6 (17. Nh3 $1 $16) 17... cxd6 $11 18. Nd5 Bxd5 19. Bxd5 Rac8 20. Rh3 {[%emt 0:05:09] Rdh1 would be deadly.} Bf6 21. Rdh1 Nf8 22. g4 e4 (22... Bg7 $11) 23. g5 {[%emt 0:02:07] White is more active.} (23. f3 $16) 23... Bg7 24. Rh4 (24. f3 $1 $14 {should be considered.}) 24... Qc7 (24... Qd7 $5 ) 25. c3 b5 (25... Re5 $11 {might be stronger.}) 26. Qc2 Re5 27. Qb3 Qd7 28. Bxe4 {[%emt 0:04:51] This pair of bishops is nice.} (28. Rxe4 $2 Qf5 29. Rhh4 Rxd5 $19) (28. Bf4 $11 {deserves consideration.}) 28... Rc4 $15 29. Bd3 Rxh4 30. Rxh4 Ne6 31. a4 bxa4 (31... a6 $5 32. Qd1 Nxg5 $15) 32. Rxa4 (32. Qxa4 $15 {feels stronger.} Qd8 33. Qxa7 (33. Bxa7 $2 Ra5 $19)) 32... Nc5 $17 (32... Nxg5 33. Rxa7 Qe6 34. Qb8+ Bf8 35. Ra8 $14) 33. Bxc5 dxc5 34. Bc4 Re7 (34... Rxg5 $2 35. Qb8+ Bf8 36. Rxa7 Qf5+ 37. Ka2 $18) 35. Ka2 Be5 {[%emt 0:00:15] Inhibits Qb8+.} 36. Ra6 (36. f4 $17 Bxf4 37. Bxf7+ Rxf7 38. Rxf4) 36... Kg7 37. Qa3 Qd2 38. f3 (38. Rxa7 $17 Qxg5 39. Qxc5 Rxa7+ 40. Qxa7) 38... Qxg5 $19 39. Rxa7 Bd6 40. Ra6 (40. Rxe7 $142 Qxe7 41. Qb3) 40... Qd2 41. Qb3 {[%emt 0:04:21] White is weak on the dark squares} h5 42. Qb6 Be5 ({Better is} 42... Qf4 $1 $19 43. Bd5 (43. Qxd6 $2 Qxc4+ 44. Ka3 Re1 $19) 43... Be5 44. Qxc5 Rc7) 43. Bxf7 $11 {[%emt 0:00:34][%mdl 64] Decoy} Qd6 (43... Rxf7 $2 44. Qxg6+ Kf8 45. Ra8+ (45. Qxh5 Qd5+ 46. Ka3 Qb7 $17) 45... Ke7 46. Ra7+ $18 (46. Qxh5 $2 Qd5+ 47. Kb1 Qxa8 $19) (46. Qxh5 $2 Qd5+ 47. Kb1 Qxa8 $19)) 44. Qb5 Qb8 45. Qxb8 Bxb8 46. Bxg6 {[%emt 0:00:05][%mdl 4096] Endgame KRB-KRB} h4 {[%emt 0:00:20] Threatens to win with ...h3.} 47. Bf5 Ra7 (47... Re5 $5 48. Bc8 Re3 $11) 48. Rxa7+ Bxa7 $14 {[%emt 0:00:03] KB-KB} 49. Kb3 Kf6 50. Bg4 Bb8 51. Kc4 Bd6 52. Kd5 Bf8 53. f4 Be7 54. Bh3 Bf8 55. Kc6 Be7 56. Kb5 Bd6 57. b3 Kg6 58. f5+ Kg5 59. b4 cxb4 60. cxb4 Be7 (60... Kf4 $1 $11 {keeps the balance.}) 61. Kc4 $16 {[%emt 0:01:27] White wants to mate with b5.} Kf4 $2 (61... Kf6 $16) 62. b5 {[%emt 0:00:15] White threatens b6 and mate.} Kg3 {[%emt 0:00:04] [#]} 63. b6 $1 Kxh3 {[%emt 0:00:08] [#] KB-KPP} 64. b7 $2 (64. Kd5 $1 {mates} Bd8 65. b7 Bc7 66. f6 Kg2 67. f7 h3 68. f8=Q (68. f8=R h2 $11) 68... h2 69. Qg7+ (69. b8=B Bxb8 70. Qh8 h1=Q $11) 69... Kf1 70. Qxc7) 64... Bd6 $14 65. f6 {[%emt 0:01:06] Intending Kd5 and mate.} Kg2 {[%emt 0:00:08] [#]} 66. Kd5 $2 (66. f7 $1 $18 h3 67. f8=Q {[%mdl 64] Deflection, Promotion} (67. Kd5 Bg3 $11) 67... Bxf8 68. b8=Q (68. b8=B {gets mated.} Be7 69. Be5 Bh4 70. Kb5 Bg3 71. Bf6 h2 72. Bd4 h1=Q 73. Kc5 Qf1 74. Bc3 Qf5+ 75. Kc4 Qe6+ 76. Kc5 Bd6+ 77. Kb5 Qd5+ 78. Ka6 Qc4+ 79. Ka7 Qxc3 80. Kb6 Be5 81. Kb5 Bd4 82. Ka4 Qc4+ 83. Ka3 Qb5 84. Ka2 Qb2#)) 66... Bg3 $11 {[%emt 0:00:06] The position is equal.} 67. f7 h3 68. f8=Q {[%emt 0:00:06] Ke4 would kill now. The board is on fire.} (68. Ke4 $5 h2 $8 69. f8=Q $11 (69. f8=R $2 {is the wrong capture.} h1=Q $19)) 68... h2 69. Qg7 h1=Q 70. b8=Q Kf2+ 71. Kc4 Qc6+ {[%emt 0:17:38] What a bad dream for Black.   Weighted Error Value: White=0.23 (precise) /Black=0.24 (precise)} 1/2-1/2

[Event "26th OIBM 2023"]
[Site "Gmund am Tegernsee"]
[Date "2023.11.04"]
[Round "8.6"]
[White "Zawadzka, Jolanta"]
[Black "Petrov, Nikita"]
[Result "0-1"]
[ECO "B60"]
[WhiteElo "2342"]
[BlackElo "2551"]
[Annotator "TA"]
[PlyCount "62"]
[EventDate "2023.10.04"]
[EventType "swiss"]
[EventCountry "GER"]
[SourceTitle "playchess.com"]
[Source "ChessBase"]
[SourceQuality "1"]
[TimeControl "40/5400+30:1800+30"]

1. e4 c5 2. Nf3 Nc6 3. d4 cxd4 4. Nxd4 Nf6 5. Nc3 d6 6. Bg5 Bd7 7. Bxf6 gxf6 8. Be2 e6 {[%emt 0:09:26] B60: Sicilian: Richter-Rauzer: Unusual Black 6th moves and 6...Bd7 without 7 Qd2.} 9. O-O h5 {[%emt 0:07:40] [#]} 10. Nxc6 $146 (10. Bxh5 $2 {perishes.} Nxd4 11. Bxf7+ Kxf7 $19) ({Predecessor:} 10. Ndb5 Qb8 11. a4 a6 12. Na3 Qc7 13. Qd2 f5 14. Nc4 Na5 15. Qd4 Rh6 16. Nb6 {1-0 Gallagher,J (2470)-Dubeck,M (2320) San Bernardino op 1994}) 10... bxc6 {[%emt 0:11:20] White is slightly better.} 11. Kh1 h4 12. h3 Rb8 {[%emt 0:08:24] Black is weak on the light squares} 13. b3 d5 14. Qd3 Bd6 15. Rad1 Qc7 16. Bg4 Rd8 17. Ne2 Be7 18. c4 $2 {[%emt 0:16:37] [#] White does not recover from this.} (18. Bf3 $11 {and White is okay.}) 18... dxe4 $1 $19 19. Qc3 Qe5 20. Qxe5 fxe5 21. Nc3 f5 22. Be2 Bc5 23. Rc1 Ke7 24. Na4 Bd4 25. c5 Rhg8 26. Rc2 Rg7 27. Ba6 $2 (27. Nb2 {was necessary.}) 27... Rdg8 28. Rg1 Be8 29. b4 Bh5 {[%emt 0:00:37][%cal Oh5f3] Hoping for ...Bf3!} 30. Kh2 {[%emt 0:04:43] [#]} Bf3 $1 {[%emt 0:02:10][%cal Rg7g2][%mdl 576] Pin} 31. g3 {[%emt 0:00:05] [#]} (31. Bf1 Bd1) 31... Bxf2 $1 {[%emt 0:00:45][%mdl 576] Remove Defender, Decoy.   Weighted Error Value: White=0.83/Black=0.05 (flawless)} 0-1

[Event "26th OIBM 2023"]
[Site "Gmund am Tegernsee"]
[Date "2023.11.04"]
[Round "8.7"]
[White "Imnadze, Nato"]
[Black "Van Foreest, Lucas"]
[Result "0-1"]
[ECO "A45"]
[WhiteElo "2207"]
[BlackElo "2540"]
[Annotator "TA"]
[PlyCount "114"]
[EventDate "2023.10.04"]
[EventType "swiss"]
[EventCountry "GER"]
[SourceTitle "playchess.com"]
[Source "ChessBase"]
[SourceQuality "1"]
[TimeControl "40/5400+30:1800+30"]

1. d4 Nf6 2. Bf4 c5 3. e3 Qb6 4. Nc3 e6 5. a3 d5 6. Nb5 {[%emt 0:08:06] A45: Trompowsky Attack.} Na6 {[%emt 0:00:18] Prevents Nc7+.} 7. a4 Be7 8. c3 {[%emt 0:02:25] The position is equal.} O-O {[%emt 0:01:31] [#]} 9. Nf3 $146 ({Predecessor:} 9. h3 Bd7 10. a5 Qd8 11. Nf3 c4 12. Na3 b5 13. Be2 b4 14. Nb1 Ne4 15. Nbd2 Nxd2 16. Nxd2 bxc3 17. bxc3 {½-½ Juegel,M (2204)-Kraemer,M (2233) BL2-West 1819 2018 (8.8)}) 9... Nh5 {[%emt 0:21:36] [#]} (9... Bd7 $11) 10. Bc7 Nxc7 $15 11. a5 {[%emt 0:00:07] [#]} Qxb5 (11... Qc6 $2 12. Ne5 Nxb5 13. Nxc6 bxc6 14. Qxh5 $18) 12. Bxb5 Nxb5 13. Ne5 {[%emt 0:01:38] White is now going downhill.} Nf6 14. O-O a6 15. h4 Bd7 16. h5 Rad8 17. Qe2 cxd4 18. exd4 {[%emt 0:02:44] [#]} ({Better is} 18. Nxd7 Rxd7 19. cxd4) 18... Nd6 (18... Be8 $142 $1 19. Qf3 Nd6) 19. Rfe1 (19. Nxd7 $17 Rxd7 20. Ra4) 19... Bb5 $19 20. Qf3 Nc4 21. Nxc4 Bxc4 22. b3 Bb5 ({Worse is} 22... Bxb3 23. Rab1 Bc4 24. Rxb7 $17) 23. h6 gxh6 24. Qh3 (24. Re3 {might work better.}) 24... h5 25. Re5 Kh8 26. Rae1 Rg8 {[%emt 0:00:12] Prevents Rg5.} 27. R5e3 Rg6 28. Rg3 Kg7 29. Qh4 Rd7 30. Rxg6+ hxg6 ({Weaker is} 30... Kxg6 31. Re5 h6 32. Qg3+ Kh7 33. Qf3 $17) 31. Qg3 Bd8 32. Re3 Bxa5 33. Rf3 Bc7 34. Qg5 Ne4 35. Qc1 Be2 36. Rh3 Bg4 37. Rd3 Bf5 38. Rd1 Bd8 39. c4 Bh4 40. f3 Bg5 41. Qb2 Be3+ 42. Kh2 Bf4+ 43. Kg1 Ng3 44. Kf2 h4 45. c5 Rd8 46. Ke1 Rh8 {[%emt 0:01:19] And now ...h3 would win.} 47. Rd2 Re8 {[%emt 0:02:25][%cal Oe6e5] White must now prevent ...e5!} 48. Kf2 e5 49. Rd1 e4 50. fxe4 Bxe4 51. Re1 Re6 {[%emt 0:01:37] aiming for ...Rf6.} 52. Kg1 Rf6 {[%emt 0:00:07][%cal Of4e3] ( -> ...Be3+!)} 53. Qc3 {[%emt 0:00:18] Dodges Be3+} g5 54. b4 g4 55. Qa1 Bd2 56. Rd1 Be3+ 57. Kh2 Rf2 {[%emt 0:00:16] Weighted Error Value: White=0.25 (precise) /Black=0.09 (flawless)} 0-1

[Event "26th OIBM 2023"]
[Site "Gmund am Tegernsee"]
[Date "2023.11.04"]
[Round "8.8"]
[White "Vetoshko, Volodymyr"]
[Black "Nguyen, Alex Dac-Vuong"]
[Result "1-0"]
[ECO "A30"]
[WhiteElo "2499"]
[BlackElo "2333"]
[Annotator "ChessBase"]
[PlyCount "65"]
[EventDate "2023.10.04"]
[EventType "swiss"]
[EventCountry "GER"]
[SourceTitle "playchess.com"]
[Source "ChessBase"]
[SourceQuality "1"]
[TimeControl "40/5400+30:1800+30"]

1. c4 Nf6 2. Nf3 c5 3. g3 d5 4. cxd5 Nxd5 5. Bg2 Nc6 6. d4 cxd4 7. Nxd4 Ndb4 8. Nxc6 Qxd1+ 9. Kxd1 Nxc6 10. Bxc6+ bxc6 11. Be3 e5 12. f3 f6 13. Ke1 h5 14. h4 Be7 15. Kf2 g5 16. hxg5 fxg5 17. g4 Rb8 18. b3 Bf6 19. Nd2 hxg4 20. Ne4 O-O 21. Bxa7 Rb7 22. Bc5 Be7 23. Bxe7 Rxe7 24. Rh5 Rg7 25. Rah1 Kf7 26. Nxg5+ Ke8 27. Ne4 gxf3 28. Rxe5+ Kd8 29. exf3 Bg4 30. Ng5 Kc8 31. Rh4 Bf5 32. Ne6 Bxe6 33. Rxe6 1-0

[Event "26th OIBM 2023"]
[Site "Gmund am Tegernsee"]
[Date "2023.11.04"]
[Round "8.9"]
[White "Ciolek, Andreas"]
[Black "Kargin, Arseny"]
[Result "0-1"]
[ECO "D11"]
[WhiteElo "2215"]
[BlackElo "2391"]
[Annotator "ChessBase"]
[PlyCount "82"]
[EventDate "2023.10.04"]
[EventType "swiss"]
[EventCountry "GER"]
[SourceTitle "playchess.com"]
[Source "ChessBase"]
[SourceQuality "1"]
[TimeControl "40/5400+30:1800+30"]

1. d4 d5 2. c4 c6 3. Nf3 Nf6 4. Qc2 dxc4 5. e4 b5 6. b3 cxb3 7. axb3 e6 8. Bd3 Be7 9. O-O h6 10. Qe2 Nbd7 11. Nc3 Bb7 12. e5 Nd5 13. Nxd5 cxd5 14. Bxb5 a6 15. Bd3 Qb6 16. Be3 a5 17. Rfc1 O-O 18. Ne1 Ba6 19. Qg4 Bxd3 20. Nxd3 Kh7 21. Nf4 Rfc8 22. Rxc8 Rxc8 23. Nxd5 Qd8 24. Nxe7 Qxe7 25. Rxa5 Qb4 26. Ra1 Nxe5 27. Qf4 Ng6 28. Qxf7 Qxb3 29. h3 Rf8 30. Qd7 Nh4 31. Qd6 Rf6 32. Qc6 Rg6 33. g4 e5 34. Qa4 Qd5 35. Kf1 exd4 36. Bxd4 Qg2+ 37. Ke2 Qxh3 38. Be3 Qf3+ 39. Kd2 Qd5+ 40. Ke1 Qd3 41. Qa8 Rxg4 0-1

[Event "26th OIBM 2023"]
[Site "Gmund am Tegernsee"]
[Date "2023.11.04"]
[Round "8.10"]
[White "Bauer, Christian"]
[Black "Ammon, Tobias"]
[Result "1-0"]
[ECO "A28"]
[WhiteElo "2552"]
[BlackElo "2145"]
[Annotator "TA"]
[PlyCount "65"]
[EventDate "2023.10.04"]
[EventType "swiss"]
[EventCountry "GER"]
[SourceTitle "playchess.com"]
[Source "ChessBase"]
[SourceQuality "1"]
[TimeControl "40/5400+30:1800+30"]

1. c4 e5 2. Nc3 Nf6 3. e3 Bb4 4. Qb3 Bxc3 5. Qxc3 Qe7 6. a3 a5 7. Nf3 Nc6 8. d3 O-O 9. Be2 {[%emt 0:11:49][%cal Bf1e2,Be2f3,Bf3g4,Bg4d1][%mdl 32] was the old line (9.b3). A28: English Opening: Four Knights Variation.} a4 10. O-O {[%emt 0:08:35] [#]} Re8 $146 ({Predecessor:} 10... b6 11. Nd2 Bb7 12. Qc2 d6 13. Nb1 Nd7 14. Nc3 Nc5 15. Rb1 Qg5 16. Nd5 Rae8 {½-½ Vojinovic,G (2454)-Bogosavljevic,B (2552) SRB-chT Kragujevac 2013 (1.4)}) 11. e4 {[%emt 0:05:37] The position is equal.} d6 12. Be3 Bg4 13. h3 Bxf3 14. Bxf3 Nd7 15. Bg4 Nc5 16. f4 Nb3 {[%emt 0:07:54] Excellent horsemanship.} 17. Rae1 Nbd4 (17... f6 $11) 18. f5 f6 19. Rf2 Kh8 20. Bd1 Nb8 21. g4 c5 22. h4 Nd7 23. g5 Qf8 ({Black should play} 23... b5 $14) 24. Kh2 $16 b5 25. Rg1 Reb8 (25... bxc4 $16 26. Qxc4 Rec8) 26. cxb5 (26. g6 $18) 26... Rxb5 {[%emt 0:02:51] [#]} (26... Ra7 $16) 27. Rfg2 (27. g6 $1 $18) 27... Ra7 $2 {[%emt 0:03:03] [#] This move loses the game for Black.} (27... d5 $14) 28. g6 $1 $18 Qb8 $2 (28... d5 {was called for.} 29. gxh7 (29. exd5 Nb6 $17) 29... Kxh7) 29. h5 ({Less strong is} 29. gxh7 Nf8 $16) 29... hxg6 $2 (29... Nb6 30. h6 Nxf5) 30. hxg6 Rab7 31. Kg3 {[%emt 0:01:30] Rh1+ would kill now.} Rxb2 32. Rh1+ Kg8 33. Qc4+ {[%emt 0:04:43] Weighted Error Value: White=0.15 (very precise) /Black=0.69} 1-0

[Event "26th OIBM 2023"]
[Site "Gmund am Tegernsee"]
[Date "2023.11.04"]
[Round "8.11"]
[White "Maier, Alexander"]
[Black "Kulaots, Kaido"]
[Result "0-1"]
[ECO "B04"]
[WhiteElo "2277"]
[BlackElo "2508"]
[Annotator "ChessBase"]
[PlyCount "66"]
[EventDate "2023.10.04"]
[EventType "swiss"]
[EventCountry "GER"]
[SourceTitle "playchess.com"]
[Source "ChessBase"]
[SourceQuality "1"]
[TimeControl "40/5400+30:1800+30"]

1. e4 g6 2. d4 Bg7 3. Nf3 d6 4. Bc4 Nf6 5. Qe2 O-O 6. e5 dxe5 7. dxe5 Nd5 8. h3 c6 9. O-O Qc7 10. Bb3 Be6 11. c4 Nb6 12. Bg5 a5 13. Nbd2 Na6 14. Bc2 Nb4 15. Bb1 Rfe8 16. Bf4 Nd7 17. Re1 a4 18. Ne4 Nxe5 19. Bxe5 Bxe5 20. Neg5 Bf6 21. Nxe6 fxe6 22. Bxg6 hxg6 23. Qd2 Qd6 24. Qh6 Bg7 25. Qh4 Bf6 26. Qh6 Qd3 27. Re3 Qf5 28. g4 Bg7 29. Qxg7+ Kxg7 30. gxf5 Nc2 31. Rxe6 Nxa1 32. Rxg6+ Kf8 33. Ng5 Rec8 0-1

[Event "26th OIBM 2023"]
[Site "Gmund am Tegernsee"]
[Date "2023.11.04"]
[Round "8.12"]
[White "Gallego Alcaraz, Andres Felipe"]
[Black "Hoy, Bernd"]
[Result "1/2-1/2"]
[ECO "A41"]
[WhiteElo "2495"]
[BlackElo "2251"]
[Annotator "ChessBase"]
[PlyCount "90"]
[EventDate "2023.10.04"]
[EventType "swiss"]
[EventCountry "GER"]
[SourceTitle "playchess.com"]
[Source "ChessBase"]
[SourceQuality "1"]
[TimeControl "40/5400+30:1800+30"]

1. d4 g6 2. c4 Bg7 3. Nf3 d6 4. Nc3 Bg4 5. e3 Bxf3 6. Qxf3 c6 7. g3 h5 8. Bg2 Nd7 9. O-O Ngf6 10. b4 Rb8 11. Rb1 O-O 12. Rd1 Qc7 13. Qe2 e5 14. b5 c5 15. dxe5 dxe5 16. e4 b6 17. Bh3 Rfd8 18. Bg5 Re8 19. Nd5 Nxd5 20. Rxd5 Nf8 21. Rbd1 a6 22. Qf3 Nh7 23. Bh4 Rf8 24. Rd7 Qc8 25. Be7 axb5 26. cxb5 Rb7 27. Bxf8 Ng5 28. Qg2 Bxf8 29. f4 exf4 30. gxf4 Nxh3+ 31. Qxh3 Rxd7 32. Qxd7 Qa8 33. Qd5 Qa3 34. Qb3 Qa5 35. e5 c4 36. Qxc4 Bc5+ 37. Kg2 Qa8+ 38. Qd5 Qa4 39. e6 fxe6 40. Qxe6+ Kh7 41. Rf1 Qc2+ 42. Kh1 Qd3 43. Kg2 Qc2+ 44. Kg3 Qd3+ 45. Rf3 Qd1 1/2-1/2

[Event "26th OIBM 2023"]
[Site "Gmund am Tegernsee"]
[Date "2023.11.04"]
[Round "8.13"]
[White "Ghazarian, Kirk"]
[Black "Kurmangaliyeva, Liya"]
[Result "0-1"]
[ECO "A13"]
[WhiteElo "2473"]
[BlackElo "2236"]
[Annotator "ChessBase"]
[PlyCount "156"]
[EventDate "2023.10.04"]
[EventType "swiss"]
[EventCountry "GER"]
[SourceTitle "playchess.com"]
[Source "ChessBase"]
[SourceQuality "1"]
[TimeControl "40/5400+30:1800+30"]

1. c4 e6 2. g3 d5 3. Bg2 Nf6 4. Nf3 dxc4 5. Qa4+ c6 6. Qxc4 b5 7. Qc2 Bb7 8. O-O Nbd7 9. b3 Be7 10. Bb2 O-O 11. d3 c5 12. Nbd2 Qc7 13. Rac1 Rac8 14. Qb1 Qb8 15. Qa1 a6 16. Rfd1 Bc6 17. Nf1 Rfd8 18. e4 Qa8 19. Ne3 a5 20. Ne5 Nxe5 21. Bxe5 a4 22. Qb2 Qa6 23. Bf1 Ra8 24. Qc3 Rdc8 25. h4 Qb7 26. Be2 Ne8 27. Qc2 axb3 28. axb3 Ra3 29. Bb2 Ra2 30. Qb1 Rca8 31. Bf1 Nf6 32. Rc2 Nd7 33. Bc3 R2a3 34. Rcc1 b4 35. Bd2 Bf6 36. Nc4 Ra2 37. Be3 Bc3 38. Bd2 Bd4 39. Be3 Bc3 40. Bd2 Bd4 41. Be3 Ne5 42. Bg2 Nxc4 43. Bxd4 Nd2 44. Rxd2 Rxd2 45. Be3 Rda2 46. Bxc5 e5 47. Kh2 Bd7 48. Rc4 Be6 49. Rxb4 Qc7 50. Bb6 Qc3 51. Ra4 Bxb3 52. Qxa2 Rxa4 53. Qe2 Ra2 54. Qg4 Be6 55. Qg5 f6 56. Qh5 Qc8 57. Qd1 Qd7 58. Be3 Ra4 59. Qb1 Ra8 60. Bf1 Bg4 61. Qb2 Rd8 62. Qc3 h6 63. Bb6 Rc8 64. Qd2 Kh8 65. Be3 Re8 66. Qc1 Kh7 67. Qd2 Rd8 68. Bb6 Rb8 69. Be3 Rb1 70. Be2 Bxe2 71. Qxe2 Rb3 72. Qf3 Rxd3 73. Kg2 Ra3 74. h5 Kg8 75. Qe2 Ra4 76. Qc2 Kh7 77. Kf3 f5 78. exf5 Qd5+ 0-1

[Event "26th OIBM 2023"]
[Site "Gmund am Tegernsee"]
[Date "2023.11.04"]
[Round "8.14"]
[White "Meins, Gerlef"]
[Black "Brandt, Sebastian"]
[Result "1-0"]
[ECO "E04"]
[WhiteElo "2412"]
[BlackElo "2188"]
[Annotator "ChessBase"]
[PlyCount "99"]
[EventDate "2023.10.04"]
[EventType "swiss"]
[EventCountry "GER"]
[SourceTitle "playchess.com"]
[Source "ChessBase"]
[SourceQuality "1"]
[TimeControl "40/5400+30:1800+30"]

1. d4 d5 2. c4 e6 3. Nf3 Nf6 4. g3 dxc4 5. Bg2 Bd7 6. Ne5 Bc6 7. Nxc6 Nxc6 8. O-O Qd7 9. e3 O-O-O 10. Qa4 Nd5 11. Qxc4 h5 12. Nd2 h4 13. Nb3 hxg3 14. hxg3 f5 15. e4 Nb6 16. Qe2 g6 17. Bg5 Re8 18. Bf6 Rh5 19. Rac1 Qf7 20. e5 Nb8 21. Na5 c6 22. a3 Nd5 23. b4 Qc7 24. Qd2 a6 25. Bf3 Nxf6 26. exf6 Rh7 27. Qg5 Bh6 28. Qxg6 Reh8 29. Rce1 Qd6 30. f7 Nd7 31. Rxe6 Qxd4 32. Re8+ Kc7 33. Nxc6 Qc3 34. Qxf5 bxc6 35. Rd1 Bd2 36. Re7 Qd4 37. Rxd7+ Qxd7 38. f8=Q Rxf8 39. Qxf8 Rf7 40. Qc5 Rxf3 41. Qa7+ Kd8 42. Qxd7+ Kxd7 43. Rxd2+ Kc7 44. Ra2 Kb6 45. Kg2 Rd3 46. f4 Kb5 47. f5 Ka4 48. f6 Rd8 49. f7 Rf8 50. Rf2 1-0

[Event "26th OIBM 2023"]
[Site "Gmund am Tegernsee"]
[Date "2023.11.04"]
[Round "8.15"]
[White "Stricker, Florian"]
[Black "Colpe, Malte"]
[Result "1/2-1/2"]
[ECO "B23"]
[WhiteElo "2238"]
[BlackElo "2386"]
[Annotator "ChessBase"]
[PlyCount "82"]
[EventDate "2023.10.04"]
[EventType "swiss"]
[EventCountry "GER"]
[SourceTitle "playchess.com"]
[Source "ChessBase"]
[SourceQuality "1"]
[TimeControl "40/5400+30:1800+30"]

1. e4 c5 2. Nc3 e6 3. Nge2 Nf6 4. g3 b5 5. Nxb5 Nxe4 6. Bg2 Bb7 7. O-O Qb6 8. c4 a6 9. Na3 Nf6 10. Qb3 Qxb3 11. axb3 Bxg2 12. Kxg2 Ra7 13. Nc2 Rb7 14. Ra3 d5 15. d3 Bd6 16. Bg5 d4 17. Nc1 Nfd7 18. Bd2 Ne5 19. b4 cxb4 20. Ra4 Nec6 21. Nb3 e5 22. c5 Be7 23. Nxb4 Nxb4 24. Rxb4 Rxb4 25. Bxb4 Nc6 26. Ba3 Kd7 27. Nd2 Ke6 28. f4 f6 29. Nc4 Rb8 30. f5+ Kf7 31. Kf3 Rb5 32. Rc1 Ke8 33. Ke4 Kd7 34. Nb6+ Kc7 35. g4 a5 36. Rc4 Bf8 37. h3 h6 38. h4 Kb7 39. Nd5 Rb3 40. Nb6 Be7 41. Rc2 Bd8 1/2-1/2

[Event "26th OIBM 2023"]
[Site "Gmund am Tegernsee"]
[Date "2023.11.04"]
[Round "8.16"]
[White "Wacker, Peter"]
[Black "Meissner, Felix"]
[Result "0-1"]
[ECO "A45"]
[WhiteElo "2234"]
[BlackElo "2382"]
[Annotator "ChessBase"]
[PlyCount "68"]
[EventDate "2023.10.04"]
[EventType "swiss"]
[EventCountry "GER"]
[SourceTitle "playchess.com"]
[Source "ChessBase"]
[SourceQuality "1"]
[TimeControl "40/5400+30:1800+30"]

1. d4 Nf6 2. Bf4 c5 3. e3 Qb6 4. Nc3 e6 5. a3 d5 6. dxc5 Bxc5 7. Nf3 Bd7 8. Rb1 O-O 9. Bd3 Bc6 10. O-O Be7 11. Ne5 Nbd7 12. Nxc6 bxc6 13. Na4 Qd8 14. c4 a5 15. h3 Nb6 16. Nxb6 Qxb6 17. b4 axb4 18. axb4 dxc4 19. Bxc4 Rad8 20. Qb3 Ne4 21. b5 Nd2 22. Qc2 Nxf1 23. Bxf1 Rc8 24. Qe4 cxb5 25. Bxb5 Qc5 26. Bd3 g6 27. Rb5 Qc1+ 28. Kh2 Qc6 29. Qxc6 Rxc6 30. Be4 Ra6 31. Rb2 Bd6 32. Bxd6 Rxd6 33. f4 Re8 34. Rb5 h5 0-1

[Event "26th OIBM 2023"]
[Site "Gmund am Tegernsee"]
[Date "2023.11.04"]
[Round "8.17"]
[White "Hess, Max"]
[Black "Salzmann, Peter"]
[Result "1-0"]
[ECO "D78"]
[WhiteElo "2378"]
[BlackElo "2160"]
[Annotator "ChessBase"]
[PlyCount "47"]
[EventDate "2023.10.04"]
[EventType "swiss"]
[EventCountry "GER"]
[SourceTitle "playchess.com"]
[Source "ChessBase"]
[SourceQuality "1"]
[TimeControl "40/5400+30:1800+30"]

1. c4 c6 2. Nf3 d5 3. g3 g6 4. Bg2 Bg7 5. O-O Nf6 6. b3 Ne4 7. d4 Be6 8. Bb2 O-O 9. Ne5 Qc8 10. Qc2 f6 11. Nd3 Bh3 12. cxd5 Bxg2 13. Kxg2 cxd5 14. Rc1 Nc6 15. f3 Ng5 16. Qd2 Qh3+ 17. Kh1 Rac8 18. Nf4 Qd7 19. Nc3 e6 20. Ba3 Rfe8 21. Rc2 Nf7 22. Rac1 g5 23. Nh5 Ne7 24. Bxe7 1-0

[Event "26th OIBM 2023"]
[Site "Gmund am Tegernsee"]
[Date "2023.11.04"]
[Round "8.18"]
[White "Manish Anto Cristiano F"]
[Black "Liepold, Stefan"]
[Result "1-0"]
[ECO "C96"]
[WhiteElo "2368"]
[BlackElo "2150"]
[Annotator "ChessBase"]
[PlyCount "67"]
[EventDate "2023.10.04"]
[EventType "swiss"]
[EventCountry "GER"]
[SourceTitle "playchess.com"]
[Source "ChessBase"]
[SourceQuality "1"]
[TimeControl "40/5400+30:1800+30"]

1. e4 e5 2. Nf3 Nc6 3. Bb5 a6 4. Ba4 Nf6 5. O-O Be7 6. Re1 b5 7. Bb3 d6 8. c3 O-O 9. h3 Na5 10. Bc2 c5 11. d4 Nd7 12. Nbd2 Bb7 13. d5 Nb6 14. b3 f5 15. b4 cxb4 16. cxb4 Nac4 17. Nxc4 bxc4 18. Be3 f4 19. Bxb6 Qxb6 20. Nd2 Bh4 21. Qe2 f3 22. Nxf3 Rxf3 23. gxf3 Rf8 24. Kg2 Bc8 25. Rh1 Bd7 26. a4 Qd8 27. Bd1 c3 28. Qe3 Rf6 29. Ra3 Rg6+ 30. Kf1 c2 31. Bxc2 Qc8 32. Rc3 Bxh3+ 33. Ke1 Qd7 34. f4 1-0

[Event "26th OIBM 2023"]
[Site "Gmund am Tegernsee"]
[Date "2023.11.04"]
[Round "8.19"]
[White "Boehmer, Christian"]
[Black "Besou, Hussain"]
[Result "0-1"]
[ECO "B13"]
[WhiteElo "2178"]
[BlackElo "2351"]
[Annotator "ChessBase"]
[PlyCount "52"]
[EventDate "2023.10.04"]
[EventType "swiss"]
[EventCountry "GER"]
[SourceTitle "playchess.com"]
[Source "ChessBase"]
[SourceQuality "1"]
[TimeControl "40/5400+30:1800+30"]

1. e4 c6 2. d4 d5 3. exd5 cxd5 4. Nf3 Nc6 5. Ne5 Nf6 6. Bb5 Qb6 7. Qe2 a6 8. Ba4 g6 9. O-O Bg7 10. c3 Be6 11. Nd2 O-O 12. Ndf3 Ne4 13. Nd3 Bf5 14. h3 Rad8 15. Bf4 f6 16. Bh2 Kh8 17. Nh4 Bd7 18. Bb3 e6 19. f3 Ng5 20. f4 Ne4 21. f5 exf5 22. Nf4 Ne7 23. Nfxg6+ Nxg6 24. Nxf5 Bb5 25. Qg4 Bxf1 26. Rxf1 Nd2 0-1